 Dungeon Crawl Stone Soup version 0.28.0-53-g5a82cb258f (webtiles) character file.

Game seed: 18302001853135779964

820 hilljack the Gusty (level 7, 0/36 HPs)
             Began as a Gargoyle Air Elementalist on Aug 20, 2022.
             Was an Initiate of Qazlal.
             Slain by a black bear (4 damage)
             ... on level 5 of the Dungeon.
             The game lasted 00:13:27 (6259 turns).

hilljack the Gusty (Gargoyle Air Elementalist)      Turns: 6259, Time: 00:13:28

Health: 0/36       AC:  7    Str: 12    XL:     7   Next: 95%
Magic:  6/12       EV: 12    Int: 17    God:    Qazlal [......]
Gold:   235        SH:  0    Dex: 10    Spells: 9/13 levels left

rFire   . . .      SeeInvis .   n - +1 dagger (venom)
rCold   . . .      Faith    .   (no shield)
rNeg    + . .      Spirit   .   a - +0 robe
rPois   ∞          Reflect  .   (no helmet)
rElec   +          Harm     .   s - +0 cloak "Yfyzio" {+Inv rElec}
rCorr   +          Rampage  .   (no gloves)
Will    .....                   (no boots)
Stlth   ++........              (no amulet)
HPRegen 0.12/turn               k - ring of resist corrosion
MPRegen 0.13/turn               (no ring)

@: very slightly contaminated
A: sickness immunity, AC +4, negative energy resistance 1, electricity
resistance, torment resistance 1, petrification resistance
a: Renounce Religion, Evoke Invisibility


You were on level 5 of the Dungeon.
You worshipped Qazlal.
Qazlal was noncommittal.
You visited 2 branches of the dungeon, and saw 6 of its levels.

You collected 235 gold pieces.

Inventory:

Hand Weapons
 e - a +0 short sword
 n - a +1 dagger of venom (weapon)
Missiles
 l - a throwing net (quivered)
 o - 2 poisoned darts
 q - 40 stones
Armour
 a - a +0 robe (worn)
 s - the +0 cloak "Yfyzio" (worn) {+Inv rElec}
   (You found it on level 4 of the Dungeon)

   rElec:     It insulates you from electricity.
   +Inv:      It lets you turn invisible.
Magical Staves
 p - a staff of earth
Jewellery
 k - a ring of resist corrosion (left hand)
Scrolls
 d - 2 scrolls of fear
 g - a scroll of magic mapping
 t - a scroll of fog
Potions
 b - 2 potions of berserk rage
 c - 2 potions of lignification
 f - a potion of flight
 h - a potion of attraction {unknown}
 i - 2 potions of curing
 m - a potion of resistance
 r - a potion of mutation {unknown}


   Skills:
 - Level 1.7 Dodging
 - Level 2.4 Stealth
 + Level 3.6 Spellcasting
 - Level 1.3 Conjurations
 - Level 7.0 Air Magic


You had 9 spell levels left.
You knew the following spells:

 Your Spells              Type           Power      Damage    Failure   Level
a - Shock                 Conj/Air       68%        1d7       3%          1
b - Swiftness             Air            26%        N/A       2%          3

Your spell library contained the following spells:

 Spells                   Type           Power      Damage    Failure   Level
 Static Discharge         Conj/Air       17%        N/A       4%          2
 Airstrike                Air            13%        N/A       10%         4
 Summon Forest            Summ/Tloc      1%         N/A       99%         5
 Summon Mana Viper        Hex/Summ       3%         N/A       99%         5
 Summon Cactus Giant      Summ           1%         N/A       100%        6


Dungeon Overview and Level Annotations

Branches:
Dungeon (5/15)             Temple (1/1) D:4

Altars:
Ashenzari
Nemelex Xobeh
Qazlal
Ru
Trog
Uskayaw
Wu Jian
Xom
Yredelemnul
Zin

Annotations:
D:3 3 runed translucent doors, safid's ghost, amateur HOFi


Innate Abilities, Weirdness & Mutations

You are immune to sickness and miasma.
Your stone body is resilient. (AC +4)
You are immune to poison.
You resist negative energy. (rN+)
You are resistant to electric shocks. (rElec)
You are resistant to unholy torment.
You are immune to petrification.


Message History

Casting: Shock (safe; 3% risk of failure)
Confirm with . or Enter, or press ? or * to list all spells.
Aiming: Shock (safe; 3% risk of failure)
Press: ? - help, Shift-Dir - straight line, f/p - black bear
Aim: a black bear (almost dead, berserk, 79% to hit)
The zap hits the black bear.
The black bear is almost dead.
Casting: Shock (safe; 3% risk of failure)
Confirm with . or Enter, or press ? or * to list all spells.
Aiming: Shock (safe; 3% risk of failure)
Press: ? - help, Shift-Dir - straight line, f/p - black bear
Aim: a black bear (almost dead, berserk, 79% to hit)
You miscast Shock.
You are very lightly contaminated with residual magic.
Nothing appears to happen.
The black bear bites you!
The black bear claws you but does no damage. x2
Casting: Shock (safe; 3% risk of failure)
Confirm with . or Enter, or press ? or * to list all spells.
Aiming: Shock (safe; 3% risk of failure)
Press: ? - help, Shift-Dir - straight line, f/p - black bear
Aim: a black bear (almost dead, berserk, 79% to hit)
The zap hits the black bear.
The black bear is almost dead.
The black bear bites you.
The black bear claws you but does no damage.
The black bear misses you. The black bear bites you!
The black bear closely misses you. The black bear claws you.
You are too injured to fight recklessly!
You closely miss the black bear.
The black bear is almost dead.
The black bear barely misses you. x2
The black bear claws you but does no damage.
You closely miss the black bear.
The black bear is almost dead.
The black bear completely misses you. The black bear claws you.
The black bear claws you but does no damage.
The black bear bites you!
* * * LOW HITPOINT WARNING * * *
The black bear misses you. The black bear claws you.
You die...

#####.# .....)..........#
######.##............#####
........................#
######..................#
.........#+#+###........######
#............###.###>........###
..#....#.........# ###.####!...#.
# ###.#<.#.#.###h# #.........#.
#. ...#......# #@# #####.......
..#####..##### ### #.......
.###.....# ##....... .....##.###
###########........ ..##......#
#...........#......
..#...#.#.#####...........#......
.##..##.#.#...'...........#......
....###.#.#.###...........#......
.#### #.#.#.###...........#......


You could see a black bear (berserk).

Vanquished Creatures
  A necrophage (D:5)
  2 ogres (D:4)
  3 scorpions
  A water moccasin skeleton (D:4)
  A howler monkey (D:3)
  3 jellies
  2 centaur skeletons (D:4)
  A hound zombie (D:4)
  A howler monkey zombie (D:5)
  6 adders
  A shadow imp (D:5)
  3 adder skeletons
  A worm (D:2)
  A dart slug (D:4)
  8 ball pythons
  5 bats
  3 endoplasms
  4 giant cockroaches
  5 goblins
  12 hobgoblins
  5 jackals
  4 kobolds
  4 quokkas
  4 frilled lizards
  A rat (D:3)
  A spectral kobold (D:2)
83 creatures vanquished.

Notes
Turn   | Place    | Note
-------+----------+-------------------------------------------
     0 | D:1      | hilljack the Gargoyle Air Elementalist began the quest for
                  | the Orb.
     0 | D:1      | Reached XP level 1. HP: 10/10 MP: 3/3
   574 | D:1      | Reached XP level 2. HP: 15/15 MP: 3/5
  1335 | D:2      | Reached skill level 3 in Air Magic
  1359 | D:2      | Found a faded altar of an unknown god.
  1409 | D:2      | Reached XP level 3. HP: 19/19 MP: 0/6
  2469 | D:3      | Learned a level 3 spell: Swiftness
  2627 | D:3      | Reached XP level 4. HP: 22/24 MP: 4/7
  3001 | D:3      | Found a runed translucent gate.
  3002 | D:3      | Found a runed translucent gate.
  3003 | D:3      | Found a runed translucent gate.
  3005 | D:3      | Noticed safid's ghost (amateur HOFi)
  3006 | D:3      | Noticed a kobold brigand
  3227 | D:4      | Reached skill level 4 in Air Magic
  3830 | D:4      | Reached XP level 5. HP: 24/28 MP: 8/8
  3910 | D:4      | Found an ornate altar of the Wu Jian Council.
  3997 | D:4      | Reached skill level 5 in Air Magic
  4085 | D:4      | Reached XP level 6. HP: 25/32 MP: 2/9
  4394 | D:4      | Found a staircase to the Ecumenical Temple.
  4864 | D:4      | Reached skill level 6 in Air Magic
  5002 | Temple   | Entered the Ecumenical Temple
  5141 | Temple   | Became a worshipper of Qazlal Stormbringer
  5218 | D:4      | You fall into a shaft and drop 1 floor!
  5218 | D:5      | Entered Level 5 of the Dungeon
  5233 | D:5      | Reached XP level 7. HP: 22/36 MP: 10/10
  5703 | D:4      | Identified the +0 cloak "Yfyzio" {+Inv rElec}
  6031 | D:5      | Reached skill level 7 in Air Magic
  6259 | D:5      | Slain by a black bear

Illustrated notes

Levels and vault maps discovered:
D:1:      minmay_arrival_semitransparent, layout_loops_ring,
          minmay_misc_feat_five
D:2:      layout_rooms, dreamdust_ecumenical_altar_drowned_temple
D:3:      layout_rooms, gammafunk_ghost_nasty_kobolds
D:4:      layout_rooms, nicolae_wu_jian_immortal_techniques,
          minmay_temple_entry_statues_fountains,
          minmay_fractal_squares_diagonal_5
D:5:      layout_basic
Temple:   nicolae_temple_figure_zero

Skill      XL: |  1  2  3  4  5  6  7 |
---------------+----------------------+-----
Air Magic      | 3 4 5 6 7 |  7.0
Spellcasting   | 3 |  3.6
Dodging        | |  1.7
Stealth        | |  2.4
Conjurations   | |  1.3

Action                   |  1- 3 |  4- 6 |  7- 9 || total
-------------------------+-------+-------+-------++-------
Melee: Unarmed           |     5 |       |       ||     5
       Short sword       |    23 |       |       ||    23
       Punch             |     1 |     4 |       ||     5
       Dagger            |    39 |   136 |   104 ||   279
Throw: Dart              |       |     2 |       ||     2
       Throwing net      |       |     1 |       ||     1
 Cast: Shock             |    51 |    25 |    14 ||    90
       Swiftness         |       |     1 |       ||     1
  Use: Potion            |     2 |       |       ||     2
       Scroll            |     2 |     8 |     2 ||    12
 Stab: Sleeping          |     3 |     2 |     1 ||     6
Armor: Robe              |    34 |    70 |    45 ||   149
Dodge: Dodged            |    76 |   104 |    82 ||   262
